 Dungeon Crawl Stone Soup version 0.30-a0-964-gd452b5e7fa (webtiles) character file.

Game seed: 4611274774614194972

88813 Sobieck the Eclecticist (level 15, -1/115 HPs)
             Began as a Mummy Conjurer on Mar 29, 2023.
             Was a High Priest of Sif Muna.
             Slain by an entropy weaver (12 damage)
             ... on level 1 of the Spider Nest on Mar 30, 2023.
             The game lasted 01:49:22 (36046 turns).

Sobieck the Eclecticist (Mummy Conjurer)           Turns: 36046, Time: 01:49:22

Health: -1/115     AC:  7    Str:  9 (11) XL:     15   Next: 47%
Magic:  24/34      EV: 12    Int: 24      God:    Sif Muna [*****.]
Gold:   964        SH:  0    Dex: 11      Spells: 9/44 levels left

rFire   . . .      SeeInvis +    a - staff of fire {!astaff}
rCold   + . .      Faith    +    (no shield)
rNeg    + + +      Spirit   .    v - +1 robe {Archmagi}
rPois   ∞          Reflect  .    q - +0 helmet
rElec   .          Rampage  .    t - +0 cloak
rCorr   .          Archmagi +    w - +0 pair of gloves
Will    +....                    B - +0 pair of boots
Stlth   ++                       K - amulet of regeneration {@e2}
HPRegen 1.19/turn                c - ring of wizardry
MPRegen 0.24/turn                Y - ring of see invisible

@: slightly contaminated
A: cold resistance 1, negative energy resistance 3, torment resistance 2, heat
vulnerability 1, in touch with death 2, no potions, faith
a: Renounce Religion, Channel Magic, Forget Spell, Divine Exegesis


You were on level 1 of the Spider Nest.
You worshipped Sif Muna.
Sif Muna was extremely pleased with you.
You visited 5 branches of the dungeon, and saw 24 of its levels.
You also visited: Bailey.

You collected 2412 gold pieces.
You spent 1448 gold pieces at shops.


Innate Abilities, Weirdness & Mutations

You are immune to poison.
Your flesh is cold resistant. (rC+)
You are immune to negative energy. (rN+++)
You are immune to unholy pain and torment.
You are vulnerable to heat. (rF-)
You are strongly in touch with the powers of death.
You do not drink.
You have a special connection with the divine. (Faith)


   Skills:
 - Level 10.1 Fighting
 - Level 1.5 Dodging
 - Level 4.0 Stealth
 - Level 15.3 Spellcasting
 - Level 8.0 Conjurations
 - Level 4.0 Hexes
 - Level 2.0 Translocations
 - Level 6.0 Transmutations
 + Level 14.2 Fire Magic
 - Level 4.0 Air Magic
 - Level 7.2 Invocations


You had 9 spell levels left.
You knew the following spells:

 Your Spells              Type           Power      Damage    Failure   Level
a - Magic Dart            Conj           100%       1d8       1%          1
c - Fulminant Prism       Conj/Hex       31%        3d16      1%          4
d - Irradiate             Conj/Tmut      33%        3d22      1%          5
e - Iskenderun's Mystic   Conj/Tloc      59%        2d12      1%          4
f - Plasma Beam           Fire/Air       48%        2x1d45    1%          5
g - Blink                 Tloc           84%        N/A       1%          2
h - Fireball              Conj/Fire      52%        3d20      1%          5
i - Starburst             Conj/Fire      52%        6d14      1%          6
j - Swiftness             Air            54%        N/A       1%          3

Your spell library contained the following spells:

 Spells                   Type           Power      Damage    Failure   Level
 Kiss of Death            Conj/Necr      100%       2d13      1%          1
 Shock                    Conj/Air       100%       1d9       1%          1
 Call Imp                 Summ           27%        N/A       1%          2
 Cigotuvi's Dreadful Rot  Necr/Pois/Air  100%       N/A       1%          2
 Lesser Beckoning         Tloc           84%        N/A       1%          2
 Searing Ray              Conj           100%       2d8       1%          2
 Static Discharge         Conj/Air       100%       2-7/arc   1%          2
 Confusing Touch          Hex            54%        N/A       1%          3
 Dazzling Flash           Conj/Hex       100%       N/A       1%          3
 Gell's Gravitas          Tloc           42%        N/A       1%          3
 Inner Flame              Hex/Fire       96%        N/A       1%          3
 Mephitic Cloud           Conj/Pois/Air  54%        N/A       1%          3
 Teleport Other           Tloc           42%        N/A       1%          3
 Vhi's Electric Charge    Tloc/Air       98%        N/A       1%          3
 Airstrike                Air            27%        2d(4-20)  2%          4
 Cause Fear               Hex            27%        N/A       2%          4
 Arcjolt                  Conj/Air       31%        1d41      2%          5
 Yara's Violent Unravell  Hex/Tmut       29%        3d12      4%          5
 Anguish                  Hex/Necr       38%        N/A       5%          4
 Leda's Liquefaction      Hex/Erth       21%        N/A       5%          4
 Manifold Assault         Tloc           42%        N/A       5%          4
 Freezing Cloud           Conj/Ice/Air   27%        6-21      6%          5
 Silence                  Hex/Air        27%        N/A       6%          5
 Alistair's Intoxication  Tmut/Pois      32%        N/A       10%         5
 Animate Dead             Necr           58%        N/A       12%         4
 Dispel Undead            Necr           58%        3d21      12%         4
 Olgreb's Toxic Radiance  Pois           27%        N/A       12%         4
 Metabolic Englaciation   Hex/Ice        21%        N/A       16%         5
 Summon Mana Viper        Hex/Summ       42%        N/A       16%         5
 Summon Forest            Summ/Tloc      17%        N/A       22%         5
 Ignition                 Fire           57%        3d16      22%         8
 Lee's Rapid Deconstruct  Erth           13%        3d9*      32%         5
 Orb of Destruction       Conj           35%        9d10      34%         7
 Enfeeble                 Hex            27%        N/A       86%         7
 Ozocubu's Refrigeration  Ice            13%        4d10      100%        7
 Statue Form              Tmut/Erth      Unusable   N/A       N/A         6
 Storm Form               Tmut/Air       Unusable   N/A       N/A         7

Inventory:

Hand Weapons
 z - a +3 rapier {short}
   (You found it on level 6 of the Dungeon)
 R - a +0 long sword {long}
   (You found it on level 4 of the Dungeon)
 Z - a +0 whip {mace}
   (You took it off an orc on level 5 of the Dungeon)
Missiles
 o - 21 poisoned darts {throwing}
 s - 5 throwing nets {=f!fthrowing}
 A - a curare-tipped dart {=fthrowing}
 C - 3 silver javelins {throwing}
 M - a javelin {throwing}
 N - 11 boomerangs {throwing}
 V - 14 atropa-tipped darts {throwing}
Armour
 q - a +0 helmet (worn)
   (You found it on level 1 of the Dungeon)
 t - a +0 cloak (worn)
   (You found it on level 1 of the Dungeon)
 u - a +0 troll leather armour
   (You found it on level 5 of the Lair of Beasts)
 v - a +1 robe of the Archmagi (worn)
   (You took it off an orc sorcerer on level 2 of the Orcish Mines)
 w - a +0 pair of gloves (worn)
   (You found it on level 5 of the Dungeon)
 B - a +0 pair of boots (worn)
   (You found it on level 3 of the Dungeon)
 D - a +0 ring mail
   (You found it on level 3 of the Dungeon)
 G - a +0 leather armour
   (You found it on level 3 of the Dungeon)
 I - an orb of energy
   (You found it on level 5 of the Dungeon)
 Q - a +0 scale mail
   (You took it off an orc on level 4 of the Dungeon)
Magical Staves
 a - a staff of fire (weapon) {!astaff}
   (You acquired it on level 15 of the Dungeon)
 p - a staff of air {!astaff}
   (You found it on level 12 of the Dungeon)
Jewellery
 b - a ring of ice
   (You found it on level 15 of the Dungeon)
 c - a ring of wizardry (left hand)
   (You found it on level 1 of the Dungeon)
 e - an amulet of the acrobat
   (You found it on level 13 of the Dungeon)
 m - a +6 ring of dexterity
   (You found it on level 1 of the Dungeon)
 n - a ring of protection from fire
   (You found it on level 4 of the Lair of Beasts)
 r - a ring of positive energy
   (You found it on level 1 of the Dungeon)
 K - an amulet of regeneration (around neck) {@e2}
   (You found it on level 5 of the Dungeon)
 O - a ring of protection from fire
   (You found it on level 5 of the Lair of Beasts)
 P - a +4 ring of protection
   (You found it on level 6 of the Dungeon)
 Y - a ring of see invisible (right hand)
   (You took it off an orc wizard on level 8 of the Dungeon)
Wands
 y - a wand of paralysis (13)
   (You found it on level 2 of the Lair of Beasts)
 H - a wand of iceblast (9)
   (You took it off Maurice on level 8 of the Dungeon)
 L - a wand of polymorph (15)
   (You found it on level 1 of the Lair of Beasts)
 T - a wand of flame (32)
   (You found it on level 6 of the Dungeon)
Scrolls
 d - a scroll of amnesia
 f - 2 scrolls of fear
 g - 6 scrolls of immolation {!r!r}
 h - 2 scrolls of torment
 i - 9 scrolls of teleportation {@r4}
 k - 3 scrolls of fog
 l - 3 scrolls of enchant armour
 x - a scroll of butterflies
 E - 3 scrolls of magic mapping {!r}
 F - 2 scrolls of vulnerability {!r!r}
 S - 13 scrolls of identify {@r1}
 W - 2 scrolls of silence {!r}
 X - a scroll of brand weapon
Miscellaneous
 j - a box of beasts
   (You found it on level 2 of the Lair of Beasts)
 U - a lightning rod (4/4)
   (You found it on level 11 of the Dungeon)

Dungeon Overview and Level Annotations

Branches:
Dungeon (15/15) Zot: 24920  Temple (1/1) D:6 Zot: 5951    Lair (5/5) D:8 Zot: 19575
  Swamp (0/4) Lair:3       Spider (1/4) Lair:2 Zot: 5989   Slime (0/5) Lair:5
    Orc (2/2) D:12 Zot: 7615     Elf (0/3) Orc:2        Vaults (0/5) D:13
 Depths (0/4) D:15         Bailey (visited)

Altars:
Ashenzari
Cheibriados
Fedhas
Kikubaaqudgha
Nemelex Xobeh
Okawaru
Qazlal
Sif Muna
Trog
Uskayaw
Jiyva

Shops:
D:5 (   D:6 *   D:8 :   D:11 [   Orc:2 ((![

Portals:
Trove: D:14 (give +3 gold dragon scales)

Annotations:
D:12 exclusion: downstairs
D:13 3 runed translucent doors, Haugobec's ghost, journeyman MiBe; Jamimocw's ghost, journeyman MiGl

. ### .. ##..##
## ...
#....#..# ....
....$....
..°..##........
.^....>....#
......†@#
......Bs#
........#
...#..... ..
#...s. .
###...# #....
.....


You could see an entropy weaver, a culicivora and a tarantella.


Message History

The redback is blasted with magical radiation!!!
You kill the redback!
Sif Muna accepts your kill.
You are very lightly contaminated with residual magic.
Unknown command.
You start resting.
You see here a redback corpse.
You start resting.
Your magical contamination has completely faded away.
There is an open door here.
There is a hole to the Spider Nest here.
Unknown command.
You start waiting.
A steelbarb worm is nearby!
Danger!
Casting: Irradiate (dangerous; 1% risk of failure)
Confirm with . or Enter, or press ? or * to list all spells.
Casting: Plasma Beam (mildly dangerous; 1% risk of failure)
Press: ? - help, Dir - look around, f - activate You feel a strong surge of power!
The bolt of lightning hits the steelbarb worm!
The fiery plasma hits the steelbarb worm!!
The steelbarb worm resists.
Casting: Plasma Beam (mildly dangerous; 1% risk of failure)
Confirm with . or Enter, or press ? or * to list all spells.
Casting: Plasma Beam (mildly dangerous; 1% risk of failure)
Press: ? - help, Dir - look around, f - activate You feel a strong surge of power!
The bolt of lightning hits the steelbarb worm!!
The fiery plasma misses the steelbarb worm.
Casting: Plasma Beam (mildly dangerous; 1% risk of failure)
Confirm with . or Enter, or press ? or * to list all spells.
Casting: Plasma Beam (mildly dangerous; 1% risk of failure)
Press: ? - help, Dir - look around, f - activate You feel a strong surge of power!
The bolt of lightning hits the steelbarb worm!
You kill the steelbarb worm!
Sif Muna accepts your kill.
Unknown command.
You start resting.
You climb downwards.
Welcome back to the Spider Nest!
This branch contains the gossamer rune of Zot.
The jumping spider leaps!
The redback misses you. The redback bites you!
The jumping spider closely misses you. x2
The entropy weaver hits you but does no damage. x2
The entropy weaver hits you! x2; The jumping spider leaps!
The redback bites you! The jumping spider barely misses you.
The jumping spider bites you. The redback bites you!
The entropy weaver hits you!
* * * LOW HITPOINT WARNING * * *
The entropy weaver hits you but does no damage.
The entropy weaver closely misses you. The entropy weaver hits you.
* * * LOW HITPOINT WARNING * * *
The redback closely misses you.
There is a crawl-hole back to the Lair here.
You see here Kinnin's Compendium of Embers and Location {god gift}.
Danger!
Casting: Plasma Beam (mildly dangerous; 1% risk of failure)
Confirm with . or Enter, or press ? or * to list all spells.
You feel a surge of power!
You erupt in a fountain of uncontrolled magic!
The jumping spider is blasted with magical radiation!!
The redback is blasted with magical radiation!!
You kill the redback!
Sif Muna accepts your kill.
The entropy weaver is blasted with magical radiation!!
The jumping spider is blasted with magical radiation!!
The redback is blasted with magical radiation!!
You are very lightly contaminated with residual magic.
The redback barely misses you. The jumping spider barely misses you.
The jumping spider bites you.
* * * LOW HITPOINT WARNING * * *
The entropy weaver misses you.
The entropy weaver hits you but does no damage. x2
The entropy weaver hits you.
* * * LOW HITPOINT WARNING * * *
The jumping spider pounces on you!
* * * LOW HITPOINT WARNING * * *
The jumping spider bites you but does no damage.
The redback bites you!
* * * LOW HITPOINT WARNING * * *
Unknown command.
Casting: Irradiate (dangerous; 1% risk of failure)
Confirm with . or Enter, or press ? or * to list all spells.
You feel a surge of power!
You erupt in a fountain of uncontrolled magic!
The jumping spider is blasted with magical radiation!!
You kill the jumping spider!
Sif Muna accepts your kill.
The jumping spider is blasted with magical radiation!!!
You kill the jumping spider!
Sif Muna accepts your kill.
The entropy weaver is blasted with magical radiation!!
The redback is blasted with magical radiation!!!
You kill the redback!
Sif Muna accepts your kill.
You are lightly contaminated with residual magic.
The entropy weaver hits you.
* * * LOW HITPOINT WARNING * * *
The entropy weaver hits you!
You die...

Skill      XL: |  1  2  3  4  5  6  7  8  9 10 11 12 13 14 15 |
---------------+----------------------------------------------+-----
Spellcasting   | 3 4 5 6 8 9 10 11 13 15 | 15.3
Conjurations   | 4 5 6 7 8 |  8.0
Hexes          | 1 3 4 |  4.0
Fighting       | 1 5 7 10 | 10.1
Stealth        | 2 4 |  4.0
Transmutations | 5 6 |  6.0
Translocations | 2 |  2.0
Invocations    | 4 7 |  7.2
Fire Magic     | 8 12 14 | 14.2
Air Magic      | 4 |  4.0
Dodging        | |  1.5

Action                     |  1- 3 |  4- 6 |  7- 9 | 10-12 | 13-15 || total
---------------------------+-------+-------+-------+-------+-------++-------
  Melee: Unarmed           |    12 |    19 |       |       |       ||    31
         Rapier            |       |       |       |    10 |     4 ||    14
   Cast: Magic Dart        |    89 |    61 |    81 |    71 |    69 ||   371
         Searing Ray       |     4 |    17 |    46 |    52 |    14 ||   133
         Fulminant Prism   |       |       |    21 |    72 |    88 ||   181
         Irradiate         |       |       |     4 |   113 |   125 ||   242
         Iskenderun's Myst |       |       |       |    28 |    17 ||    45
         Plasma Beam       |       |       |       |       |   151 ||   151
         Starburst         |       |       |       |       |    11 ||    11
         Fireball          |       |       |       |       |     8 ||     8
         Blink             |       |       |       |       |     1 ||     1
 Invoke: Channel Magic     |       |       |       |     2 |     4 ||     6
  Evoke: Wand              |       |       |       |     1 |       ||     1
         Box of beasts     |       |       |       |     1 |       ||     1
         Lightning rod     |       |       |       |       |     1 ||     1
    Use: Scroll            |       |    13 |     2 |     2 |     8 ||    25
   Stab: Sleeping          |       |       |       |     1 |       ||     1
 Armour: Robe              |    13 |     7 |    29 |    95 |    88 ||   232
         Troll leather arm |       |       |       |       |    15 ||    15
  Dodge: Dodged            |    34 |    31 |    49 |   159 |   179 ||   452

Levels and vault maps discovered:
D:1:      dpeg_arrival_pond, layout_rooms, ebering_ecumenical_altar_petrified
D:2:      layout_loops_ring
D:3:      layout_loops_corners, minmay_misc_feat_enclosed
D:4:      layout_layer_cave, jmf_multi_god_temple
D:5:      layout_basic, st_stairs_8, nicolae_shop_firing_range,
          uniq_blork_the_orc
D:6:      layout_basic, minmay_temple_entry_gardened_gates, serial_shops,
          kennysheep_mini_moat, uniq_maggie
D:7:      layout_rooms, mainiacjoe_overflow_24_doors, enter_bailey_3
D:8:      layout_loops_corners, nicolae_uskayaw_dance_studio, erik_lair_island,
          serial_shops, nicolae_shop_crystal, st_stairs_13, uniq_maurice
D:9:      layout_irregular_city, nemelex_diamond_rough_becter, slow_altar_2
D:10:     layout_big_octagon, ashenzari_altar_1
D:11:     layout_cave_pools, minmay_shop_chei
D:12:     layout_roguey, minmay_orc_entry_temple_small
D:13:     gargoyle_guard, layout_loops_ring, lightli_vaults_fourway_checkpoint,
          gammafunk_ghost_crypt
D:14:     layout_long_grid, nicolae_trove_entry_crystal,
          kennysheep_generic_room_2
D:15:     grunt_enter_depths_giant_problem, layout_long_grid,
          nicolae_sif_muna_condensation, lemuel_old_faithful, uniq_kirke
Temple:   regret_index_temple_generic_petals
Lair:1:   layout_misc_corridors, nicolae_quartered_pool_impasse,
          serial_bayou_pond_c, serial_bayou_lagoon_a
Lair:2:   layout_small_grid, nicolae_spider_entry_orb_guardian
Lair:3:   layout_loops_ring, skrybe_swamp_entry_bodies
Lair:4:   layout_roguey
Lair:5:   grunt_lair_end_beastmaster, layout_loops_ring,
          minmay_slime_entry_oklob_enclosed, serial_rivers,
          chequers_serial_rivers_micro_b, chequers_serial_rivers_micro_e,
          chequers_serial_rivers_large_a, chequers_serial_rivers_room_b,
          chequers_serial_rivers_micro_d, chequers_serial_rivers_micro_e
Spider:1: layout_spider_delve, nicolae_spider_wall_of_niches, uniq_mlioglotl,
          uniq_roxanne
Orc:1:    layout_caves, mines4_lemuel, uniq_erolcha, uniq_snorg, uniq_harold
Orc:2:    grunt_orc_tribal_feast, layout_diamond_mine, basic_altar,
          guppyfry_library_mini

Notes
Turn   | Place    | Note
-------+----------+-------------------------------------------
     0 | D:1      | Sobieck the Mummy Conjurer began the quest for the Orb.
     0 | D:1      | Reached XP level 1. HP: 13/13 MP: 4/4
   136 | D:1      | Reached skill level 3 in Spellcasting
   224 | D:1      | Found a faded altar of an unknown god.
   255 | D:1      | Reached XP level 2. HP: 17/19 MP: 0/6
   303 | D:1      | Learned a level 2 spell: Searing Ray
   806 | D:2      | You pick up a book of Lightning and begin reading...
   806 | D:2      | You add the spells Static Discharge, Vhi's Electric Charge,
                  | Plasma Beam and Arcjolt to your library.
   926 | D:2      | Gained mutation: You are in touch with the powers of death.
                  | [Mummy growth]
   926 | D:2      | Reached XP level 3. HP: 24/24 MP: 6/8
  1823 | D:2      | Reached skill level 4 in Spellcasting
  2036 | D:3      | Reached skill level 4 in Conjurations
  2436 | D:3      | You pick up a book of Touch and begin reading...
  2436 | D:3      | You add the spells Kiss of Death, Confusing Touch and
                  | Dispel Undead to your library.
  2524 | D:3      | Reached XP level 4. HP: 28/30 MP: 0/10
  3273 | D:4      | Found a stormy altar of Qazlal.
  3273 | D:4      | Found an iron altar of Okawaru.
  3682 | D:4      | Noticed a black bear
  3689 | D:4      | Killed a black bear
  3690 | D:4      | Reached skill level 5 in Spellcasting
  3690 | D:4      | Reached XP level 5. HP: 35/35 MP: 0/13
  4063 | D:4      | Reached XP level 6. HP: 41/41 MP: 5/14
  4406 | D:5      | Entered Level 5 of the Dungeon
  4467 | D:5      | Identified a scroll of acquirement
  4468 | D:5      | Acquired the Spellbook of the Shocking Figure
  4469 | D:5      | You add the spells Shock, Irradiate, Silence and Alistair's
                  | Intoxication to your library.
  4609 | D:5      | Noticed Blork the orc
  4617 | D:5      | Killed Blork the orc
  4618 | D:5      | Reached skill level 6 in Spellcasting
  4618 | D:5      | Reached skill level 5 in Conjurations
  5223 | D:5      | Found Yluux's Firing Range.
  5316 | D:5      | Reached XP level 7. HP: 46/46 MP: 12/17
  5370 | D:5      | Reached skill level 7 in Spellcasting
  5963 | D:6      | Reached skill level 6 in Conjurations
  6147 | D:6      | Learned a level 4 spell: Fulminant Prism
  6168 | D:6      | Found a staircase to the Ecumenical Temple.
  6178 | D:6      | Reached skill level 8 in Spellcasting
  6189 | Temple   | Entered the Ecumenical Temple
  6228 | Temple   | Became a worshipper of Sif Muna the Loreminder
  6291 | D:6      | Upgraded the game from 0.30-a0-956-gcec3b41aec to
                  | 0.30-a0-964-gd452b5e7fa
  6488 | D:6      | Reached skill level 1 in Hexes
  6488 | D:6      | Reached XP level 8. HP: 45/52 MP: 12/20
  6792 | D:6      | Found Waferphiu's Assorted Antiques.
  6801 | D:6      | Bought a scroll of blinking for 232 gold pieces
  7017 | D:7      | Identified the +0 chain mail "Sumofiu" {Harm rElec MP+9
                  | Dex-3}
  7029 | D:7      | Reached skill level 2 in Hexes
  7082 | D:7      | Found a blossoming altar of Fedhas.
  7196 | D:7      | Noticed a hornet
  7310 | D:7      | Killed a hornet
  7311 | D:7      | Reached skill level 9 in Spellcasting
  7311 | D:7      | Reached skill level 7 in Conjurations
  7311 | D:7      | Reached skill level 3 in Hexes
  7396 | D:7      | You pick up a book of Touch and begin reading...
  7415 | D:7      | Reached * piety under Sif Muna
  7742 | D:7      | Reached XP level 9. HP: 57/57 MP: 15/22
  7775 | D:7      | Found a flagged portal.
  7785 | Bailey   | Entered a bailey
  7826 | Bailey   | Reached skill level 4 in Hexes
  7899 | Bailey   | Reached skill level 10 in Spellcasting
  8088 | Bailey   | Reached skill level 8 in Conjurations
  8277 | D:7      | Reached skill level 1 in Fighting
  8277 | D:7      | Reached skill level 2 in Stealth
  8341 | D:7      | Learned a level 5 spell: Irradiate
  8351 | D:7      | Reached skill level 1 in Transmutations
  8493 | D:8      | Reached ** piety under Sif Muna
  8501 | D:8      | Noticed a troll
  8505 | D:8      | Found a staircase to the Lair.
  8512 | D:8      | Reached skill level 2 in Transmutations
  8711 | D:7      | Reached skill level 3 in Transmutations
  8769 | D:8      | Killed a troll
  8770 | D:8      | Reached skill level 4 in Transmutations
  8900 | D:8      | Learned a level 4 spell: Iskenderun's Mystic Blast
  8924 | D:8      | You pick up a book of Minor Magic and begin reading...
  8924 | D:8      | You add the spells Call Imp and Mephitic Cloud to your
                  | library.
  9014 | D:8      | Noticed Maurice
  9099 | D:8      | Killed Maurice
  9100 | D:8      | Reached skill level 5 in Transmutations
  9100 | D:8      | Reached XP level 10. HP: 65/65 MP: 5/24
  9479 | D:8      | Noticed a two-headed ogre
  9540 | D:8      | Reached skill level 1 in Translocations
  9758 | D:7      | HP: 6/65 [two-headed ogre/+0 giant club (14)]
  9759 | D:7      | Killed a two-headed ogre
  9760 | D:7      | Reached skill level 2 in Translocations
  9760 | D:7      | Reached skill level 6 in Transmutations
  9863 | D:8      | Found Beewneir's Book Boutique.
 10105 | D:8      | Found a hide-covered altar of Uskayaw.
 10702 | D:9      | Found a sparkling altar of Nemelex Xobeh.
 10713 | D:9      | You fall into a shaft and drop 3 floors!
 10804 | D:11     | Found Cheibriados's Comfort Zone.
 10806 | D:11     | Found a snail-covered altar of Cheibriados.
 10833 | D:10     | Entered Level 10 of the Dungeon
 10852 | D:11     | Reached skill level 2 in Fighting
 10976 | D:11     | Reached *** piety under Sif Muna
 10977 | D:11     | Reached skill level 3 in Stealth
 11056 | D:11     | Reached skill level 3 in Fighting
 11228 | D:10     | Noticed a gargoyle
 11229 | D:10     | Killed a gargoyle
 11230 | D:10     | Reached skill level 4 in Stealth
 11230 | D:10     | Reached skill level 11 in Spellcasting
 11266 | D:9      | Reached skill level 4 in Fighting
 11361 | D:9      | Noticed a two-headed ogre
 11382 | D:9      | Killed a two-headed ogre
 11690 | D:9      | Identified the +0 leather armour "Xekka" {Drain rF+ Dex+4}
 12079 | D:9      | Reached skill level 5 in Fighting
 12079 | D:9      | Reached XP level 11. HP: 77/79 MP: 14/26
 12374 | D:9      | Found a snail-covered altar of Cheibriados.
 12601 | D:10     | Identified the +8 hand axe "Furimn Rero" {venom, rElec rN+
                  | Dex-4}
 12658 | D:10     | Found a broken altar of Ashenzari.
 13023 | D:10     | Reached skill level 12 in Spellcasting
 13140 | D:10     | Reached **** piety under Sif Muna
 13141 | D:10     | Reached skill level 6 in Fighting
 13284 | D:11     | Reached skill level 1 in Invocations
 13900 | D:12     | Noticed a boulder beetle
 14011 | D:12     | Noticed a deep elf pyromancer
 14024 | D:12     | Killed a deep elf pyromancer
 14025 | D:12     | Reached skill level 2 in Invocations
 14135 | D:12     | HP: 15/83 [boulder beetle (39)]
 14136 | D:12     | Killed a boulder beetle
 14239 | D:12     | Found a staircase to the Orcish Mines.
 14415 | D:12     | Reached skill level 7 in Fighting
 14415 | D:12     | Reached skill level 13 in Spellcasting
 14614 | D:12     | Reached skill level 3 in Invocations
 14833 | D:12     | HP: 12/84 [cyclops (17)]
 15312 | Orc:1    | Entered Level 1 of the Orcish Mines
 15316 | Orc:1    | Noticed Erolcha
 15418 | Lair:1   | Entered Level 1 of the Lair of Beasts
 15695 | Lair:1   | Noticed a catoblepas
 15720 | Lair:1   | Killed a catoblepas
 15721 | Lair:1   | Reached skill level 4 in Invocations
 16165 | Lair:1   | Reached XP level 12. HP: 92/92 MP: 19/29
 16245 | Lair:1   | Reached skill level 8 in Fighting
 16933 | Lair:1   | Reached skill level 5 in Invocations
 17038 | Lair:2   | Reached skill level 14 in Spellcasting
 17082 | Lair:2   | You pick up a book of Conjurations {@e2} and begin
                  | reading...
 17284 | Lair:2   | Noticed a catoblepas
 17538 | Lair:1   | Killed a catoblepas
 17924 | Lair:2   | Reached skill level 9 in Fighting
 18118 | Lair:2   | Reached skill level 6 in Invocations
 18650 | Lair:2   | Found a hole to the Spider Nest.
 19470 | Lair:3   | Reached skill level 15 in Spellcasting
 19673 | Lair:3   | Found a staircase to the Swamp.
 20023 | Lair:3   | Reached skill level 7 in Invocations
 20064 | Lair:3   | Reached ***** piety under Sif Muna
 20147 | Lair:3   | Reached skill level 10 in Fighting
 20334 | Lair:3   | Received a gift from Sif Muna
 20335 | Lair:3   | You add the spells Cigotuvi's Dreadful Rot, Cause Fear,
                  | Animate Dead and Metabolic Englaciation to your library.
 20335 | Lair:3   | Got Sif Muna's Guide on Shadowy Doom {god gift}
 20540 | Lair:3   | Gained mutation: You are strongly in touch with the powers
                  | of death. [Mummy growth]
 20540 | Lair:3   | Reached XP level 13. HP: 103/103 MP: 21/32
 20667 | Lair:3   | Learned a level 5 spell: Plasma Beam
 20855 | Lair:4   | Reached skill level 1 in Fire Magic
 20855 | Lair:4   | Reached skill level 1 in Air Magic
 21118 | Lair:4   | Reached skill level 2 in Fire Magic
 21118 | Lair:4   | Reached skill level 2 in Air Magic
 22013 | Lair:4   | Reached skill level 3 in Fire Magic
 22013 | Lair:4   | Reached skill level 3 in Air Magic
 22295 | Lair:5   | Entered Level 5 of the Lair of Beasts
 22612 | Lair:5   | Reached skill level 4 in Fire Magic
 22612 | Lair:5   | Reached skill level 4 in Air Magic
 22874 | Lair:4   | Reached skill level 5 in Fire Magic
 23449 | Lair:5   | Reached skill level 6 in Fire Magic
 23538 | Lair:5   | You pick up a book of Displacement and begin reading...
 23538 | Lair:5   | You add the spells Lesser Beckoning, Gell's Gravitas and
                  | Teleport Other to your library.
 23953 | Lair:5   | Found a viscous altar of Jiyva.
 23955 | Lair:5   | Found a staircase to the Slime Pits.
 24303 | Lair:5   | Reached skill level 7 in Fire Magic
 24650 | Lair:5   | Noticed a dire elephant
 24663 | Lair:5   | Killed a dire elephant
 24821 | Lair:5   | Reached skill level 8 in Fire Magic
 24821 | Lair:5   | Found the +2 hat of the Bear Spirit {Spirit, Bear, *Rage
                  | Will++}
 25305 | D:13     | Noticed a war gargoyle
 25333 | Orc:1    | Killed Erolcha
 25334 | Orc:1    | Reached XP level 14. HP: 110/110 MP: 22/33
 25543 | Orc:2    | Entered Level 2 of the Orcish Mines
 26085 | Orc:1    | Received a gift from Sif Muna
 26086 | Orc:1    | You add the spells Inner Flame, Anguish, Summon Mana Viper,
                  | Starburst, Orb of Destruction and Enfeeble to your library.
 26086 | Orc:1    | Got Sif Muna's Secrets of the Discharge and Maleficia {god
                  | gift}
 26213 | Orc:1    | Noticed Harold
 26218 | Orc:1    | Killed Harold
 26219 | Orc:1    | Reached skill level 9 in Fire Magic
 26478 | Orc:1    | Noticed Snorg
 26485 | Orc:1    | Killed Snorg
 27240 | Orc:2    | Found a staircase to the Elven Halls.
 28308 | Orc:2    | Reached skill level 10 in Fire Magic
 28553 | Orc:2    | Identified a +1 robe of the Archmagi
 28855 | Orc:2    | Found Rilehife's Antique Weapon Shoppe.
 28855 | Orc:2    | Found Moerch's Armour Boutique.
 28857 | Orc:2    | Found Cupsu's Antique Weapon Shoppe.
 28857 | Orc:2    | Found Hymiem's Distillery.
 29799 | D:8      | Bought the Unrestrained Analects for 704 gold pieces
 29799 | D:8      | You add the spells Olgreb's Toxic Radiance, Ozocubu's
                  | Refrigeration and Ignition to your library.
 29799 | D:8      | Bought an Inescapable Atlas for 512 gold pieces
 29799 | D:8      | You add the spells Blink and Manifold Assault to your
                  | library.
 29802 | D:8      | Learned a level 2 spell: Blink
 29909 | D:13     | Found a runed translucent gate.
 29909 | D:13     | Found a runed translucent gate.
 30042 | D:13     | Found a runed translucent gate.
 30044 | D:13     | Found an ancient bone altar of Kikubaaqudgha.
 30045 | D:13     | Noticed Haugobec's ghost (journeyman MiBe)
 30045 | D:13     | Noticed a lich
 30045 | D:13     | Noticed a lich
 30046 | D:13     | Noticed Jamimocw's ghost (journeyman MiGl)
 30046 | D:13     | Noticed a lich
 30185 | D:13     | Reached skill level 11 in Fire Magic
 30509 | D:13     | Received a gift from Sif Muna
 30511 | D:13     | You add the spells Fireball, Freezing Cloud, Lee's Rapid
                  | Deconstruction, Yara's Violent Unravelling and Summon
                  | Forest to your library.
 30511 | D:13     | Got Sif Muna's Advanced Steps in the Rites and Rhymes {god
                  | gift}
 30532 | D:12     | Learned a level 5 spell: Fireball
 30539 | D:12     | Learned a level 6 spell: Starburst
 31181 | D:13     | Reached skill level 12 in Fire Magic
 31405 | D:13     | Found a gate to the Vaults.
 32151 | D:13     | Killed a war gargoyle
 32152 | D:13     | Reached XP level 15. HP: 96/115 MP: 5/34
 33290 | D:14     | Found a portal to a secret trove of treasure.
 33409 | D:15     | Entered Level 15 of the Dungeon
 33422 | D:15     | Reached skill level 13 in Fire Magic
 33657 | D:15     | Noticed Kirke
 33699 | D:15     | Killed Kirke
 33701 | D:15     | Acquired a staff of fire
 34414 | D:15     | You pick up a book of Air and begin reading...
 34414 | D:15     | You add the spells Swiftness and Airstrike to your library.
 34419 | D:15     | Learned a level 3 spell: Swiftness
 34866 | D:15     | You pick up a book of the Earth and begin reading...
 34897 | D:15     | Found a shimmering blue altar of Sif Muna.
 35185 | D:15     | Reached skill level 14 in Fire Magic
 35229 | D:15     | Found a staircase to the Depths.
 35550 | Spider:1 | Entered Level 1 of the Spider Nest
 35552 | Spider:1 | Received a gift from Sif Muna
 35618 | Lair:2   | HP: 17/115 [spark wasp (17)]
 36045 | Spider:1 | HP: 28/115 [jumping spider (8)]
 36046 | Spider:1 | HP: 11/115 [entropy weaver (5)]
 36046 | Spider:1 | Slain by an entropy weaver

Vanquished Creatures
  Kirke (D:15)
  A stone giant (D:15)
  A war gargoyle (D:13)
  A dire elephant (Lair:5)
  A spark wasp (Lair:2)
  Snorg (Orc:1)
  A rakshasa (D:13)
  3 catoblepae
  4 hydras
  Harold (Orc:1)
  4 vault guards (D:13)
  Erolcha (Orc:1)
  2 ogre magi
  6 centaur warriors
  An alligator (Lair:5)
  3 boulder beetles
  3 two-headed ogres
  A tengu warrior (D:13)
  8 death yaks
  A deep troll shaman (Lair:5)
  3 orc high priests (Orc:2)
  A skyshark (Lair:4)
  An orb spider (Lair:2)
  A bog body (Lair:3)
  A wizard (D:13)
  5 orc knights
  2 steelbarb worms
  3 deep elf pyromancers
  4 orc sorcerers
  7 cyclopes
  A moth of wrath (Spider:1)
  A manticore (D:13)
  17 ugly things
  Maurice (D:8)
  12 elephants
  3 black mambas
  13 cane toads
  An efreet (D:15)
  9 gargoyles
  4 rime drakes
  2 kobold demonologists (D:13)
  A freezing wraith (D:14)
  7 komodo dragons
  7 trolls
  A hornet (D:7)
  2 polar bears
  16 blink frogs
  A tarantella (Lair:2)
  5 slime creatures
  2 jumping spiders (Spider:1)
  A spriggan (shapeshifter) (D:15)
  5 wyverns
  38 yaks
  2 wraiths
  2 humans (Bailey)
  4 hogs (D:15)
  4 basilisks
  4 redbacks
  9 vampire mosquitoes
  6 water moccasins
  16 orc warriors
  An ice beast (D:7)
  5 black bears
  3 sky beasts (D:7)
  16 ogres
  13 wolves
  11 centaurs
  A phantom (D:5)
  4 kobold brigands
  A gnoll sergeant (D:8)
  15 bullfrogs
  Blork the orc (D:5)
  2 scorpions (D:5)
  5 wights (D:9)
  7 killer bees
  5 howler monkeys
  4 electric eels
  9 hounds
  17 orc priests
  2 sleepcaps
  A gnoll bouda (D:6)
  3 iguanas
  28 orc wizards
  A mummy (D:9)
  11 gnolls
  6 adders
  A shadow imp (D:8)
  2 ufetubi
  2 worms
  2 dart slugs
  55 orcs
  6 ball pythons
  5 bats
  3 endoplasms (D:4)
  3 giant cockroaches
  8 goblins
  9 hobgoblins
  3 jackals
  18 kobolds
  A quokka (D:1)
  3 training dummies (D:5)
  2 frilled lizards
  6 rats
571 creatures vanquished.

Vanquished Creatures (others)
  A bullfrog (Lair:1)
  180 fulminant prisms
  34 fungi
  89 plants
  5 withered plants (D:1)
309 creatures vanquished.

Grand Total: 880 creatures vanquished

Table legend:
 A = Non-vault XP
 B = Vault XP
 C = Vault XP percentage of total XP
 D = Non-vault monster count
 E = Vault monster count
 F = Vault count percentage of total count
                 A         B        C        D         E       F
            +---------+---------+-------+---------+---------+-------
      Total |   86676 |   40858 |  32.0 |     427 |     145 |  25.3
            +---------+---------+-------+---------+---------+-------
        D:1 |      23 |       0 |   0.0 |      13 |       0 |   0.0
        D:2 |      48 |       0 |   0.0 |      13 |       0 |   0.0
        D:3 |      59 |       0 |   0.0 |      14 |       0 |   0.0
        D:4 |     255 |       4 |   1.5 |      17 |       2 |  10.5
        D:5 |     518 |     140 |  21.3 |      14 |       6 |  30.0
        D:6 |     621 |       0 |   0.0 |      18 |       0 |   0.0
        D:7 |    2666 |     105 |   3.8 |      25 |       5 |  16.7
        D:8 |     567 |    1262 |  69.0 |      18 |      14 |  43.8
        D:9 |    2002 |      18 |   0.9 |      25 |       1 |   3.8
       D:10 |    2992 |       0 |   0.0 |      18 |       0 |   0.0
       D:11 |    3039 |       0 |   0.0 |      17 |       0 |   0.0
       D:12 |    4207 |     136 |   3.1 |      10 |       9 |  47.4
       D:13 |   11488 |   11622 |  50.3 |      27 |      21 |  43.8
       D:14 |    1005 |     615 |  38.0 |       4 |       1 |  20.0
       D:15 |   12843 |    3405 |  21.0 |      27 |       6 |  18.2
     Lair:1 |    6301 |       0 |   0.0 |      19 |       0 |   0.0
     Lair:2 |    7523 |     701 |   8.5 |      21 |       1 |   4.5
     Lair:3 |    6938 |     697 |   9.1 |      33 |       1 |   2.9
     Lair:4 |   10933 |       0 |   0.0 |      30 |       0 |   0.0
     Lair:5 |    4677 |    9123 |  66.1 |      12 |      18 |  60.0
   Spider:1 |    2184 |       0 |   0.0 |       7 |       0 |   0.0
      Orc:1 |    3572 |    4230 |  54.2 |      22 |      10 |  31.2
      Orc:2 |    2215 |    8056 |  78.4 |      23 |      40 |  63.5
     Bailey |       0 |     744 | 100.0 |       0 |      10 | 100.0
            +---------+---------+-------+---------+---------+-------

Illustrated notes

Table legend:
 A = Kills in this place as a percentage of kills in the entire game.
 B = Kills by you in this place as a percentage of kills by you in the entire game.
 C = Kills by friends in this place as a percentage of kills by friends in the entire game.
 D = Other kills in this place as a percentage of other kills in the entire game.
 E = Experience gained in this place as a percentage of experience gained in the entire game.
 F = Experience gained in this place divided by the number of levels of this place that you have seen.
                   A       B       C       D       E      F
               +-------+-------+-------+-------+-------+----------------------
         Total | 100.0 | 100.0 |   N/A | 100.0 | 100.0 | 5101.4
       Dungeon |  56.8 |  56.9 |   N/A |   0.0 |  46.8 | 3976.0
          Lair |  23.6 |  23.5 |   N/A | 100.0 |  36.8 | 9378.6
   Spider Nest |   1.2 |   1.2 |   N/A |   0.0 |   1.7 | 2184.0
  Orcish Mines |  16.6 |  16.6 |   N/A |   0.0 |  14.2 | 9036.5
        Bailey |   1.7 |   1.8 |   N/A |   0.0 |   0.6 | 744.0
               +-------+-------+-------+-------+-------+----------------------

Table legend: (Time is in decaauts)
 A = Elapsed time spent in this place.
 B = Non-inter-level travel time spent in this place.
 C = Inter-level travel time spent in this place.
 D = Time resting spent in this place.
 E = Time spent auto-exploring this place.
 F = Levels seen in this place.
 G = Mean time per level.
                   A        B        C        D        E       F      G
               +--------+--------+--------+--------+--------+-----+--------+
         Total |  36185 |  34557 |   1628 |  14073 |  14142 |  25 | 1447.4 |
       Dungeon |  21001 |  19861 |   1140 |   6815 |   9586 |  15 | 1400.1 |
        Temple |     48 |     39 |      9 |      0 |     29 |   1 |   48.0 |
          Lair |  10424 |  10120 |    304 |   4700 |   3487 |   5 | 2084.8 |
   Spider Nest |      9 |      9 |      0 |      0 |      0 |   1 |    9.0 |
  Orcish Mines |   4385 |   4212 |    173 |   2309 |   1040 |   2 | 2192.5 |
        Bailey |    316 |    316 |      0 |    249 |      0 |   1 |  316.0 |
               +--------+--------+--------+--------+--------+-----+--------+

Top non-repeatable levels by time:
   Orc:2: 2629 daAuts
    D:13: 2433 daAuts
  Lair:2: 2346 daAuts
  Lair:4: 2219 daAuts
  Lair:5: 2156 daAuts
  Lair:1: 1975 daAuts
   Orc:1: 1755 daAuts
  Lair:3: 1725 daAuts
     D:7: 1709 daAuts
    D:12: 1703 daAuts
     D:9: 1654 daAuts
     D:8: 1604 daAuts
    D:14: 1510 daAuts
     D:5: 1441 daAuts
     D:4: 1362 daAuts
